Map: Blackpink LE

Players

SouLeer - Winner!

  • Race: Zerg Zerg
  • Spawn Location: 1:00

Phoenix

  • Race: Terran Terran
  • Spawn Location: 7:00

Event: WCS Leipzig 2018

VOD

Have the link to the VOD?

Description

Time

  • Played on: Jan. 26, 2018, 6:59 a.m.
  • Length: 11:32

All games in this series

Show
View Real Time Build Order
Export as new Build Order

SouLeer Zerg - Winner!

Build Orders: Hatch First 

Get SALT Encoding   

  12  0:00  Drone  
  13  0:12  Overlord  
  13  0:17  Drone  
  14  0:31  Drone x2  
  16  0:36  Drone  
  17  0:54  Hatchery  
  16  0:58  Drone  
  16  1:00  Drone  
  18  1:13  Extractor  
  18  1:16  Spawning Pool  
  16  1:19  Drone  
  16  1:22  Drone  
  18  1:29  Drone  
  19  1:40  Overlord  
  19  1:52  Drone  
  20  2:02  Queen  
  20  2:03  Zergling x2  
  20  2:05  Queen  
  20  2:06  Zergling x2  
  26  2:12  Drone, Metabolic Boost  
  27  2:17  Drone  
  28  2:33  Hatchery  
  28  2:34  Drone  
  28  2:36  Drone  
  29  2:41  Drone  
  30  2:45  Overlord  
  30  2:47  Drone  
  31  2:53  Drone  
  31  2:56  Queen  
  34  2:59  Drone  
  34  3:01  Drone  
  36  3:06  Drone  
  36  3:10  Overlord  
  36  3:12  Drone x2  
  39  3:14  Drone  
  39  3:18  Drone  
  41  3:25  Queen  
  43  3:30  Zergling x4  
  43  3:32  Drone  
  43  3:34  Queen  
  46  3:39  Overlord  
  48  3:44  Drone x3  
  48  3:46  Zergling x2  
  48  3:47  Zergling x2  
  53  3:51  Queen  
  53  3:55  Drone  
  56  3:58  Extractor  
  56  3:59  Baneling Nest  
  56  4:00  Drone  
  55  4:03  Drone  
  55  4:06  Overlord  
  55  4:08  Drone  
  55  4:09  Drone  
  59  4:10  Drone  
  59  4:12  Drone  
  59  4:15  Zergling x2  
  60  4:21  Lair  
  60  4:22  Zergling x4  
  62  4:29  Queen  
  64  4:33  Overlord  
  64  4:34  Zergling x2  
  64  4:35  Zergling x4  
  67  4:38  Zergling x4  
  67  4:40  Zergling x4  
  67  4:44  Drone, Evolution Chamber  
  67  4:45  Drone  
  72  4:49  Drone, Evolution Chamber  
  72  4:50  Drone  
  73  4:53  Drone  
  73  4:56  Drone x2  
  73  4:59  Overlord  
  76  5:00  Drone  
  76  5:02  Drone  
  76  5:03  Drone  
  76  5:05  Zergling x2  
  76  5:06  Baneling x3  
  80  5:10  Extractor  
  79  5:15  Zerg Melee Weapons Level 1  
  79  5:17  Overlord  
  79  5:19  Zergling x4  
  81  5:23  Zerg Ground Armor Level 1  
  81  5:24  Drone x3  
  81  5:28  Overlord  
  84  5:36  Zergling x2, Overlord  
  84  5:39  Overlord  
  84  5:41  Drone x4  
  87  5:45  Drone x3  
  87  5:47  Drone x3  
  89  5:50  Drone x3  
  89  5:51  Extractor  
  89  5:52  Drone  
  89  5:54  Drone x2  
  89  5:55  Drone  
  94  6:01  Drone  
  94  6:03  Centrifical Hooks  
  95  6:06  Zergling x4  
  97  6:13  Zergling x4  
  97  6:18  Hydralisk Den  
  98  6:19  Hatchery  
  98  6:21  Extractor, Zergling x10  
  98  6:22  Extractor  
  100  6:27  Overlord  
  100  6:30  Zergling x6, Overlord  
  101  6:33  Drone x2  
  101  6:38  Drone x3  
  104  6:40  Infestation Pit  
  104  6:46  Baneling x3  
  104  6:47  Baneling x2  
  102  6:48  Zergling x4  
  102  6:49  Zergling x4  
  102  6:51  Zergling x6  
  102  6:53  Hydralisk x2  
  109  6:54  Hydralisk  
  109  6:57  Hydralisk  
  109  7:00  Overlord  
  109  7:01  Hydralisk  
  117  7:04  Baneling x2  
  117  7:06  Hydralisk  
  117  7:07  Hydralisk  
  123  7:11  Hydralisk  
  123  7:14  Zerg Melee Weapons Level 2  
  125  7:16  Hydralisk x2  
  125  7:21  Pneumatized Carapace  
  129  7:23  Overlord  
  129  7:24  Overlord  
  129  7:27  Zergling x4  
  129  7:28  Zergling x4  
  133  7:30  Zergling x4  
  133  7:36  Drone x3  
  138  7:38  Hive  
  138  7:44  Drone x4  
  142  7:51  Baneling x2  
  142  7:52  Baneling x3  
  142  7:53  Zergling x10  
  146  7:58  Hydralisk x4  
  146  8:03  Baneling  
  146  8:04  Baneling x8  
  154  8:06  Overlord  
  154  8:08  Zergling x4  
  154  8:10  Overlord  
  154  8:14  Zergling x4  
  154  8:15  Zergling x4  
  154  8:17  Zergling x2  
  143  8:20  Zergling x2  
  143  8:22  Zergling x2  
  143  8:28  Zergling x2  
  143  8:29  Zergling x6  
  143  8:32  Zergling x6  
  143  8:36  Queen  
  143  8:38  Zergling x2  
  143  8:41  Zergling x4  
  147  8:46  Zergling x2  
  147  8:47  Zergling x2  
  149  8:50  Extractor  
  149  8:53  Baneling x2  
  148  8:56  Hatchery  
  148  8:59  Adrenal Glands  
  148  9:00  Ultralisk Cavern, Overlord  
  148  9:01  Drone  
  148  9:02  Drone x5  
  152  9:07  Overlord  
  152  9:12  Overlord  
  152  9:16  Zergling x8  
  154  9:22  Overlord  
  154  9:27  Overlord  
  154  9:35  Baneling x4  
  154  9:36  Baneling x3, Overlord  
  154  9:40  Hydralisk x3  
  160  9:51  Ultralisk x3  
  178  9:58  Chitinous Plating  
  178  10:05  Zergling x20  
  178  10:06  Zergling x14  
  195  10:07  Overlord x2  
  195  10:13  Overlord  
  195  10:16  Zergling x8  
  195  10:18  Baneling x5  
  195  10:19  Baneling x10  
  195  10:21  Zergling x4  
  200  10:23  Overlord  
  200  10:26  Overlord  
  200  10:28  Queen  
  196  10:32  Baneling  
  196  10:33  Overlord  
  198  10:41  Drone x4  
Show
View Real Time Build Order
Export as new Build Order

Phoenix Terran 

Build Orders: Reaper Expand, MMM Bio 

Get SALT Encoding   

  12  0:01  SCV  
  13  0:13  SCV  
  14  0:17  Supply Depot  
  14  0:25  SCV  
  15  0:39  SCV  
  15  0:40  Barracks  
  16  0:45  Refinery  
  16  0:51  SCV  
  17  1:03  SCV  
  18  1:15  SCV  
  19  1:27  Reaper  
  19  1:28  Orbital Command  
  20  1:42  Command Center  
  20  1:54  SCV  
  20  1:57  Barracks  
  21  2:07  Barracks Reactor  
  21  2:09  Supply Depot  
  21  2:10  SCV  
  22  2:23  SCV  
  22  2:26  Factory  
  22  2:30  Refinery  
  22  2:39  SCV  
  22  2:43  Marine x2  
  25  2:50  Barracks Tech Lab  
  26  2:51  SCV  
  26  2:55  Orbital Command  
  26  3:01  Marine x2  
  28  3:10  Stimpack  
  28  3:11  Marine  
  29  3:13  SCV  
  30  3:20  Supply Depot  
  30  3:28  Starport  
  30  3:29  Factory Reactor  
  30  3:30  Marine  
  30  3:31  Marine  
  32  3:35  Marine  
  33  3:45  SCV  
  33  3:46  SCV  
  35  3:48  Marine  
  35  3:49  Marine  
  35  3:52  Supply Depot  
  35  3:53  Marine  
  38  4:03  SCV x2  
  38  4:06  Marine  
  38  4:07  Marine  
  42  4:10  Marine  
  42  4:12  Factory Tech Lab, Medivac  
  42  4:13  Medivac  
  42  4:15  SCV  
  48  4:20  Engineering Bay  
  48  4:21  SCV  
  48  4:24  Marine  
  49  4:30  Marine  
  49  4:31  Marine  
  52  4:32  SCV  
  52  4:34  SCV  
  52  4:37  Supply Depot  
  54  4:39  Liberator  
  54  4:42  Marine  
  55  4:48  Marine x2  
  57  4:54  Terran Infantry Weapons Level 1  
  60  5:04  Command Center  
  60  5:07  Marine x2  
  60  5:08  Marine  
  60  5:11  Barracks  
  63  5:17  Supply Depot  
  63  5:18  Combat Shields  
  63  5:19  Supply Depot  
  63  5:25  Marine  
  64  5:29  Marine x2  
  66  5:43  Marine  
  60  5:50  Marine x2  
  62  5:58  Marine  
  62  5:59  Siege Tank  
  62  6:00  Medivac  
  62  6:01  Marine  
  69  6:08  Marine x2  
  71  6:13  Barracks  
  71  6:15  Barracks  
  71  6:16  SCV, Marine  
  73  6:18  Marine  
  71  6:26  Marine x2  
  73  6:35  Siege Tank  
  73  6:36  Marine  
  78  6:43  Marine  
  78  6:44  Marine  
  79  6:49  Barracks Reactor  
  78  6:54  Marine  
  79  7:01  Marine  
  79  7:03  Marauder  
  79  7:05  Orbital Command  
  79  7:06  SCV x2  
  79  7:07  Siege Tank  
  89  7:08  Refinery  
  89  7:10  Refinery  
  89  7:11  Supply Depot  
  89  7:14  Engineering Bay  
  89  7:18  SCV x2  
  89  7:19  Barracks Tech Lab  
  89  7:20  Barracks Tech Lab  
  89  7:23  Marine x2  
  89  7:24  Marauder  
  89  7:28  Terran Infantry Armor Level 1  
  93  7:41  Marine x3  
  93  7:42  Marauder  
  96  8:07  Marine x2  
  96  8:08  Marauder x3  
  96  8:09  Siege Tank  
  96  8:10  Orbital Command  
  60  8:35  Marauder x2  
  60  8:36  Marauder, Marine  
  60  8:37  Marine  
  60  8:38  Medivac  
  69  8:42  Hellion  
  71  8:56  Armory  
  71  8:57  Marauder x2  
  71  9:02  SCV  
  76  9:03  SCV x2, Siege Tank  
  80  9:14  SCV  
  80  9:15  SCV x2  
  79  9:19  Marine  
  79  9:20  Marauder x2, Marine x4  
  87  9:27  SCV x3  
  89  9:32  Concussive Shells  
  89  9:35  Medivac, Siege Tank  
  89  9:37  Marine  
  89  9:38  Marine x3  
  96  9:39  Marauder  
  96  9:40  Supply Depot  
  96  9:41  Marauder x2  
  96  9:42  SCV x2  
  96  9:43  SCV, Supply Depot  
  107  9:46  Refinery  
  107  9:55  Marine  
  108  10:01  Marine x2  
  108  10:02  Marine, Marauder  
  108  10:03  Marauder x2  
  108  10:05  Supply Depot  
  108  10:07  Supply Depot  
  113  10:29  Marauder x3, Marine x3  
  122  10:36  Siege Tank  
  122  10:37  Marine  
  126  10:47  Marine x2  
  126  10:49  Marine  
  125  10:50  Marauder x3  
  125  10:53  Medivac  
  125  10:55  Marine  
  134  10:59  Medivac  
  136  11:04  Marine  
  136  11:06  Supply Depot x3  
  136  11:07  SCV x2, Refinery  
Tags
 
Add a new tag
Caveats
  • Supply blocks, unpowered buildings, or Contaminate may cause inaccurate times.
  • Supply counts are checked every 10 seconds.